Workbook

Sheet Hoja1
A1: CENTRO DE GASTROENTEROLOGIA DR. LUIS EDUARDO AYBAR
A2: DIVISION DE ACTIVOS FIJOS
A3: INVENTARIO DE BIENES PATRIMONIALES
A4: CORTADO AL 20 DE DICIEMBRE DEL 2022
A6: Fecha de adquisición | B6: Fecha de registro | C6: Codigo BN | D6: Codigo Institucional | E6: Descripcion | F6: Unidad | G6: Departamento | H6: Provincia
A7: =VLOOKUP(D7,Hoja2!A:D,2,FALSE) -> 42005 | B7: =VLOOKUP(D7,Hoja2!A:D,3,FALSE) -> 43102 | D7: SRSM-334-00001 | E7: Cuadro decorativo 30X50 | F7: DIRECCION | G7: DIRECCION | H7: DISTRITO NACIONAL
A8: =VLOOKUP(D8,Hoja2!A:D,2,FALSE) -> 33410 | B8: =VLOOKUP(D8,Hoja2!A:D,3,FALSE) -> 43102 | D8: SRSM-334-00002 | E8: Cuadro decorativo 30X40 | F8: DIRECCION | G8: DIRECCION | H8: DISTRITO NACIONAL
A9: =VLOOKUP(D9,Hoja2!A:D,2,FALSE) -> 33410 | B9: =VLOOKUP(D9,Hoja2!A:D,3,FALSE) -> 43102 | D9: SRSM-334-00003 | E9: Cuadro decorativo 30X40 | F9: DIRECCION | G9: DIRECCION | H9: DISTRITO NACIONAL
A10: =VLOOKUP(D10,Hoja2!A:D,2,FALSE) -> 33410 | B10: =VLOOKUP(D10,Hoja2!A:D,3,FALSE) -> 43102 | D10: SRSM-334-00004 | E10: Silla con brazos en semi-piel | F10: DIRECCION | G10: DIRECCION | H10: DISTRITO NACIONAL
A11: =VLOOKUP(D11,Hoja2!A:D,2,FALSE) -> 33410 | B11: =VLOOKUP(D11,Hoja2!A:D,3,FALSE) -> 43102 | D11: SRSM-334-00005 | E11: Silla con brazos en semi-piel | F11: DIRECCION | G11: DIRECCION | H11: DISTRITO NACIONAL
A12: =VLOOKUP(D12,Hoja2!A:D,2,FALSE) -> 33410 | B12: =VLOOKUP(D12,Hoja2!A:D,3,FALSE) -> 43102 | D12: SRSM-334-00006 | E12: Escritorio 24" x 48", con retorno (L), tope de melamina | F12: DIRECCION | G12: DIRECCION | H12: DISTRITO NACIONAL
A13: =VLOOKUP(D13,Hoja2!A:D,2,FALSE) -> 33410 | B13: =VLOOKUP(D13,Hoja2!A:D,3,FALSE) -> 43102 | D13: SRSM-334-00007 | E13: Escritorio 24" x 48", con retorno (L), tope de melamina | F13: DIRECCION | G13: DIRECCION | H13: DISTRITO NACIONAL
A14: =VLOOKUP(D14,Hoja2!A:D,2,FALSE) -> 43657 | B14: =VLOOKUP(D14,Hoja2!A:D,3,FALSE) -> 43102 | D14: SRSM-334-00008 | E14: Sillas tipo visita forrada en piel | F14: DIRECCION | G14: DIRECCION | H14: DISTRITO NACIONAL
A15: =VLOOKUP(D15,Hoja2!A:D,2,FALSE) -> 33410 | B15: =VLOOKUP(D15,Hoja2!A:D,3,FALSE) -> 43102 | D15: SRSM-334-00009 | E15: Sillas tipo visita base de metal tapizado en tela | F15: DIRECCION | G15: DIRECCION | H15: DISTRITO NACIONAL
A16: =VLOOKUP(D16,Hoja2!A:D,2,FALSE) -> 33410 | B16: =VLOOKUP(D16,Hoja2!A:D,3,FALSE) -> 43102 | D16: SRSM-334-00010 | E16: Sillas tipo visita base de metal tapizado en tela | F16: DIRECCION | G16: DIRECCION | H16: DISTRITO NACIONAL
A17: =VLOOKUP(D17,Hoja2!A:D,2,FALSE) -> 33410 | B17: =VLOOKUP(D17,Hoja2!A:D,3,FALSE) -> 43102 | D17: SRSM-334-00011 | E17: Sillas tipo visita base de metal tapizado en tela | F17: DIRECCION | G17: DIRECCION | H17: DISTRITO NACIONAL
A18: =VLOOKUP(D18,Hoja2!A:D,2,FALSE) -> 33410 | B18: =VLOOKUP(D18,Hoja2!A:D,3,FALSE) -> 43102 | D18: SRSM-334-00012 | E18: Sofa de 3 personas en vinil | F18: DIRECCION | G18: DIRECCION | H18: DISTRITO NACIONAL
... A3812: =VLOOKUP(D3812,Hoja2!A:D,2,FALSE) -> 44818 | B3812: =VLOOKUP(D3812,Hoja2!A:D,3,FALSE) -> 45029 | D3812: SRSM-334-04072 | E3812: Archivo de metal 4 gavetas | F3812: INTERNAMIENTO (FARMACIA) | G3812: INTERNAMIENTO | H3812: DISTRITO NACIONAL
E3819: Lic. Juan Luis Jiménez Corona
E3820: Encargado de Activos Fijos

Sheet Hoja2
A1: Codigo Institucional | B1: Fecha de adquisición | C1: Fecha de registro | D1: Codigo BN
A2: SRSM-334-00001 | B2: 42005 | C2: 43102 | D2: 44986
A3: SRSM-334-00002 | B3: 33410 | C3: 43102 | D3: 44986
A4: SRSM-334-00003 | B4: 33410 | C4: 43102 | D4: 44986
A5: SRSM-334-00004 | B5: 33410 | C5: 43102 | D5: 44986
A6: SRSM-334-00005 | B6: 33410 | C6: 43102 | D6: 44986
A7: SRSM-334-00006 | B7: 33410 | C7: 43102 | D7: 44986
A8: SRSM-334-00007 | B8: 33410 | C8: 43102 | D8: 44986
A9: SRSM-334-00008 | B9: 43657 | C9: 43102 | D9: 44986
A10: SRSM-334-00009 | B10: 33410 | C10: 43102 | D10: 44986
A11: SRSM-334-00010 | B11: 33410 | C11: 43102 | D11: 44986
A12: SRSM-334-00011 | B12: 33410 | C12: 43102 | D12: 44986
A13: SRSM-334-00012 | B13: 33410 | C13: 43102 | D13: 44986
... A4115: SRSM-334-04114 | B4115: 45078 | C4115: 45084 | D4115: 45093
A4116: SRSM-334-04115 | B4116: 45082 | C4116: 45084
A4117: SRSM-334-04116 | B4117: 43102 | C4117: 43102 | D4117: 45112
A4118: SRSM-334-04117 | B4118: 43102 | C4118: 43102 | D4118: 45112
A4119: SRSM-334-04118 | B4119: 45121 | C4119: 43102 | D4119: 45121
A4120: SRSM-334-04119 | B4120: 45121 | C4120: 43102 | D4120: 45121
A4121: SRSM-334-04120 | B4121: 45121 | C4121: 43102 | D4121: 45121
A4122: SRSM-334-04121 | B4122: 45121 | C4122: 45176 | D4122: 45121
A4123: SRSM-334-04122 | B4123: 45121 | C4123: 45176 | D4123: 45121
A4124: SRSM-334-04123 | B4124: 45127 | C4124: 43102 | D4124: 45127
A4125: SRSM-334-04124 | B4125: 45128 | C4125: 43102 | D4125: 45128
A4126: SRSM-334-04125 | B4126: 45128 | C4126: 43102 | D4126: 45128
A4127: SRSM-334-04126 | B4127: 45131 | C4127: 43102 | D4127: 45128
A4128: SRSM-334-04127 | B4128: 45131 | C4128: 45131
A4129: SRSM-334-04128 | B4129: 45131 | C4129: 45131
A4130: SRSM-334-04129 | B4130: 45131 | C4130: 45131
A4131: SRSM-334-04130 | B4131: 45131 | C4131: 45176
A4132: SRSM-334-04131 | B4132: 45131 | C4132: 45131
A4133: SRSM-334-04132 | B4133: 45140 | C4133: 45176
A4134: SRSM-334-04133 | B4134: 45148 | C4134: 45176
A4135: SRSM-334-04134 | B4135: 45148 | C4135: 45176
A4136: SRSM-334-04135 | B4136: 45159 | C4136: 45159
A4137: SRSM-334-04136 | B4137: 45159 | C4137: 45159
A4138: SRSM-334-04137 | B4138: 45159 | C4138: 45176
A4139: SRSM-334-04138 | B4139: 45159 | C4139: 45176
... A4148: SRSM-334-04147 | B4148: 45194 | C4148: 45194
A4149: SRSM-334-04148 | B4149: 45209 | C4149: 45209 | D4149: 45128
A4150: SRSM-334-04149 | B4150: 45204 | C4150: 45215
A4151: SRSM-334-04150 | B4151: 45204 | C4151: 45215
A4152: SRSM-334-04151 | B4152: 45204 | C4152: 45215
A4153: SRSM-334-04152 | B4153: 45204 | C4153: 45215
A4154: SRSM-334-04153 | B4154: 45204 | C4154: 45215
A4155: SRSM-334-04154 | B4155: 45212 | C4155: 45215
A4156: SRSM-334-04155 | B4156: 45210 | C4156: 45215
A4157: SRSM-334-04156 | B4157: 45215 | C4157: 45215
A4158: SRSM-334-04157 | B4158: 45215 | C4158: 45215
A4159: SRSM-334-04158 | B4159: 45215 | C4159: 45215
A4160: SRSM-334-04159 | B4160: 45217 | C4160: 45218
A4161: SRSM-334-04160 | B4161: 45226 | C4161: 45243
... A4171: SRSM-334-04170 | B4171: 45271 | C4171: 45271
A4172: SRSM-334-04171 | B4172: 45286 | C4172: 45286 | D4172: 45286
A4173: SRSM-334-04172 | B4173: 45273 | C4173: 45273
A4174: SRSM-334-04173 | B4174: 45273 | C4174: 45273
A4175: SRSM-334-04174 | B4175: 45273 | C4175: 45273
A4176: SRSM-334-04175 | B4176: 45273 | C4176: 45273
A4177: SRSM-334-04176 | B4177: 45307 | C4177: 45314
A4178: SRSM-334-04177 | B4178: 45309 | C4178: 45351
A4179: SRSM-334-04178 | B4179: 45342 | C4179: 45351
A4180: SRSM-334-04179 | B4180: 45344 | C4180: 45351
A4181: SRSM-334-04180 | B4181: 45344 | C4181: 45344
A4182: SRSM-334-04181 | B4182: 45344 | C4182: 45344
A4183: SRSM-334-04182 | B4183: 45344 | C4183: 45344
A4184: SRSM-334-04183 | B4184: 45348 | C4184: 45351
... A4442: SRSM-334-04441 | B4442: 45797 | C4442: 45797
A4443: SRSM-334-04442 | C4443: 45828
A4444: SRSM-334-04443 | B4444: 45768 | C4444: 45828
A4445: SRSM-334-04444 | B4445: 45768 | C4445: 45828
A4446: SRSM-334-04445 | B4446: 45768 | C4446: 45828
A4447: SRSM-334-04446 | B4447: 45768 | C4447: 45828
A4448: SRSM-334-04447 | B4448: 45768 | C4448: 45828
A4449: SRSM-334-04448 | B4449: 45768 | C4449: 45828
A4450: SRSM-334-04449 | B4450: 45768 | C4450: 45828
A4451: SRSM-334-04450 | B4451: 45768 | C4451: 45828
A4452: SRSM-334-04451 | B4452: 45693 | C4452: 45828
A4453: SRSM-334-04452 | B4453: 45785 | C4453: 45828
A4454: SRSM-334-04453 | B4454: 45791 | C4454: 45828
A4455: SRSM-334-04454 | B4455: 45819 | C4455: 45828
A4456: SRSM-334-04455 | B4456: 45664
A4457: SRSM-334-04456 | B4457: 45664
A4458: SRSM-334-04457 | B4458: 45664
A4459: SRSM-334-04458
A4460: SRSM-334-04459
A4461: SRSM-334-04460
A4462: SRSM-334-04461
A4463: SRSM-334-04462
A4464: SRSM-334-04463
A4465: SRSM-334-04464
A4466: SRSM-334-04465
A4467: SRSM-334-04466
A4468: SRSM-334-04467
A4469: SRSM-334-04468
A4470: SRSM-334-04469
... A4652: SRSM-334-04651
A4653: SRSM-334-04652 | B4653: 45712 | C4653: 45712
A4654: SRSM-334-04653 | B4654: 45712 | C4654: 45712
A4655: SRSM-334-04654
A4656: SRSM-334-04655 | B4656: 45708 | C4656: 45828
...
